 Dungeon Crawl Stone Soup version 0.24.1-11-gbbbb2193e6 (webtiles) character file.

Game seed: 16702625035214746829, levelgen mode: deterministic

828 Peloso the Shield-Bearer (level 7, 0/60 HPs)
             Began as a Gnoll Fighter on May 15, 2020.
             Slain by an orc warrior
             ... wielding a +0 war axe
              (10 damage)
             ... in a bailey.
             The game lasted 00:10:43 (2868 turns).

Peloso the Shield-Bearer (Gnoll Fighter)            Turns: 2868, Time: 00:10:44

Health: 0/60       AC: 11    Str: 20    XL:     7   Next: 97%
Magic:  11/11      EV:  7    Int: 11    God:
Gold:   197        SH: 11    Dex: 14    Spells: 11/11 levels left

rFire    . . .     SeeInvis .   a - +1 long sword
rCold    . . .     Gourm    .   c - +0 shield
rNeg     . . .     Faith    +   m - +0 chain mail
rPois    +         Spirit   .   (no helmet)
rElec    .         Reflect  .   (no cloak)
rCorr    .         Harm     .   g - +0 pair of gloves
MR       .....                  (no boots)
Stlth    ..........             v - amulet of faith
HPRegen  0.20/turn              l - ring of poison resistance
MPRegen  0.12/turn              (no ring)

@: no status effects
A: distributed training, fangs 1, strong nose
a: no special abilities


You were in a bailey.
You were not hungry.

You visited 1 branch of the dungeon, and saw 5 of its levels.
You also visited: Bailey.

You collected 197 gold pieces.

Inventory:

Hand Weapons
 a - a +1 long sword (weapon)
 b - a +0 vampiric spear
Armour
 c - a +0 shield (worn)
 g - a +0 pair of gloves (worn)
 m - a +0 chain mail (worn)
Jewellery
 l - a ring of poison resistance (left hand)
 o - an uncursed ring of wizardry
 v - an amulet of faith (around neck)
Wands
 q - a wand of random effects (30)
 s - a wand of paralysis (5)
Scrolls
 e - 3 scrolls of blinking
 i - 2 scrolls of identify
 n - 5 scrolls of remove curse
Potions
 d - a potion of might
 j - 3 potions of curing
 k - a potion of flight
 p - a potion of invisibility
 r - 2 potions of mutation
 t - a potion of lignification
Comestibles
 f - 7 rations
 h - 5 chunks of flesh


   Skills:
 + Level 7.1 Fighting
 + Level 2.7 Short Blades
 + Level 5.4 Long Blades
 + Level 2.7 Axes
 + Level 2.7 Maces & Flails
 + Level 2.7 Polearms
 + Level 2.7 Staves
 + Level 2.7 Slings
 + Level 2.7 Bows
 + Level 2.7 Crossbows
 + Level 2.7 Throwing
 + Level 7.1 Armour
 + Level 2.7 Dodging
 + Level 2.7 Stealth
 + Level 7.1 Shields
 + Level 2.7 Unarmed Combat
 + Level 2.7 Spellcasting
 + Level 2.2 Conjurations
 + Level 2.2 Hexes
 + Level 2.2 Charms
 + Level 2.2 Summonings
 + Level 2.2 Necromancy
 + Level 2.2 Translocations
 + Level 2.2 Transmutations
 + Level 2.2 Fire Magic
 + Level 2.2 Ice Magic
 + Level 2.2 Air Magic
 + Level 2.2 Earth Magic
 + Level 2.2 Poison Magic
 + Level 3.0 Invocations
 + Level 2.7 Evocations


You had 11 spell levels left.
You didn't know any spells.
Your spell library was empty.

Dungeon Overview and Level Annotations

Branches:
Dungeon (7/15)             Bailey (1/1)
 Temple: D:4-7

Altars:
Fedhas
Gozag
Makhleb
Sif Muna

Portals:
Ossuary: D:7


Innate Abilities, Weirdness & Mutations

Your experience applies equally to all skills.
You have very sharp teeth.
Your uncanny sense of smell can sniff out nearby items.


Message History

You hit the orc warrior.
The orc warrior is heavily wounded.
You block the orc warrior's attack. The kobold hits you but does no damage.
You hit the orc warrior. Your bite misses the orc warrior.
The orc warrior is severely wounded.
You block the orc warrior's attack. You block the kobold's attack.
The kobold hits you but does no damage.
You hit the orc warrior.
The orc warrior is severely wounded.
You block the orc warrior's attack. The kobold hits you but does no damage.
You closely miss the orc warrior.
The orc warrior is severely wounded.
The orc warrior hits you with a +0 war axe!
* * * LOW HITPOINT WARNING * * *
The kobold hits you.
* * * LOW HITPOINT WARNING * * *
You hit the orc warrior. Your bite misses the orc warrior.
The orc warrior is almost dead.
The orc warrior hits you with a +0 war axe!
You die...

#)###..♣♣ #.≈≈≈...♣
#.≈≈≈K..♣
≈....∩....≈#.≈≈≈...∩
##.........##.≈≈≈K..♣
#≈..8...8..≈#.≈≈≈K..♣
#
#≈.........≈#'###..♣♣
..#≈[?8..o8!)≈#.o.##.♣
..##≈o#####≈≈##.@K.##♣
...####...####......##
....(........(.......#
.8.............8..8..#
.......(.............#
.......)............##
.8...##'''##...8...##
....##....(##.....##
...##......)##...##


You could see an orc warrior and a kobold.

Vanquished Creatures
  Joseph (D:7)
  A sky beast (D:7)
  A bullfrog (D:7)
  A hound (D:2)
  A jelly (D:7)
  A bullfrog skeleton (D:4)
  3 orc wizards (D:3)
  2 worker ants
  A gnoll (Bailey)
  An adder (D:3)
  2 shadow imps (D:7)
  2 worms
  2 dart slugs
  A leopard gecko (D:3)
  13 orcs
  10 bats
  5 giant cockroaches
  12 goblins
  9 hobgoblins
  5 jackals
  17 kobolds
  A quokka (D:2)
  6 frilled lizards
  9 rats
107 creatures vanquished.

Notes
Turn   | Place    | Note
-------+----------+-------------------------------------------
     0 | D:1      | Peloso the Gnoll Fighter began the quest for the Orb.
     0 | D:1      | Reached XP level 1. HP: 23/23 MP: 1/1
   105 | D:1      | Reached XP level 2. HP: 29/29 MP: 2/2
   336 | D:1      | Reached XP level 3. HP: 34/35 MP: 3/3
   766 | D:2      | Reached skill level 1 in Invocations
   833 | D:2      | Found a burning altar of Makhleb.
   838 | D:2      | Reached skill level 1 in Short Blades
   838 | D:2      | Reached skill level 1 in Axes
   838 | D:2      | Reached skill level 1 in Maces & Flails
   838 | D:2      | Reached skill level 1 in Polearms
   838 | D:2      | Reached skill level 1 in Staves
   838 | D:2      | Reached skill level 1 in Slings
   838 | D:2      | Reached skill level 1 in Bows
   838 | D:2      | Reached skill level 1 in Crossbows
   838 | D:2      | Reached skill level 1 in Throwing
   838 | D:2      | Reached skill level 1 in Dodging
   838 | D:2      | Reached skill level 1 in Stealth
   838 | D:2      | Reached skill level 1 in Unarmed Combat
   838 | D:2      | Reached skill level 1 in Spellcasting
   838 | D:2      | Reached skill level 1 in Evocations
   838 | D:2      | Reached XP level 4. HP: 35/41 MP: 5/5
  1306 | D:3      | Reached skill level 1 in Conjurations
  1306 | D:3      | Reached skill level 1 in Hexes
  1306 | D:3      | Reached skill level 1 in Charms
  1306 | D:3      | Reached skill level 1 in Summonings
  1306 | D:3      | Reached skill level 1 in Necromancy
  1306 | D:3      | Reached skill level 1 in Translocations
  1306 | D:3      | Reached skill level 1 in Transmutations
  1306 | D:3      | Reached skill level 1 in Fire Magic
  1306 | D:3      | Reached skill level 1 in Ice Magic
  1306 | D:3      | Reached skill level 1 in Air Magic
  1306 | D:3      | Reached skill level 1 in Earth Magic
  1306 | D:3      | Reached skill level 1 in Poison Magic
  1539 | D:3      | Found a shimmering blue altar of Sif Muna.
  1663 | D:3      | Reached XP level 5. HP: 35/47 MP: 5/7
  2154 | D:3      | Reached XP level 6. HP: 37/53 MP: 8/8
  2330 | D:4      | You fall into a shaft and drop 3 floors!
  2330 | D:7      | Found a blossoming altar of Fedhas.
  2368 | D:7      | Noticed a sky beast
  2386 | D:7      | Killed a sky beast
  2386 | D:7      | Reached skill level 5 in Long Blades
  2406 | D:7      | Reached XP level 7. HP: 28/59 MP: 10/10
  2419 | D:7      | Noticed Joseph
  2431 | D:7      | Killed Joseph
  2442 | D:7      | Found an opulent altar of Gozag.
  2575 | D:7      | Found a sand-covered staircase.
  2606 | D:7      | Found a flagged portal.
  2681 | Bailey   | Entered a bailey
  2686 | Bailey   | Noticed an orc warlord
  2868 | Bailey   | Slain by an orc warrior

Levels and vault maps discovered:
D:1:      dpeg_arrival_arbitrary_a, layout_basic
D:2:      layout_loops_cross, first_ration, makhleb_heckhound_becter
D:3:      layout_loops_ring, marbit_many_paths
D:4:      layout_cave_pools, zin_treasury, gammafunk_temple_overflow_statue,
          st_stairs_6
D:7:      layout_cave_pools, fedhas_ov_isle_minmay, enter_bailey_8,
          enter_ossuary_3, basic_altar, kennysheep_generic_room_3, uniq_joseph
Bailey:   bailey_axe_bossmonster_kennysheep, bailey

Skill      XL: |  1  2  3  4  5  6  7 |
---------------+----------------------+-----
Invocations    | 1 2 3 |  3.0
Short Blades   | 1 2 |  2.7
Axes           | 1 2 |  2.7
Maces & Flails | 1 2 |  2.7
Polearms       | 1 2 |  2.7
Staves         | 1 2 |  2.7
Slings         | 1 2 |  2.7
Bows           | 1 2 |  2.7
Crossbows      | 1 2 |  2.7
Throwing       | 1 2 |  2.7
Dodging        | 1 2 |  2.7
Stealth        | 1 2 |  2.7
Unarmed Combat | 1 2 |  2.7
Spellcasting   | 1 2 |  2.7
Evocations     | 1 2 |  2.7
Conjurations   | 1 2 |  2.2
Hexes          | 1 2 |  2.2
Charms         | 1 2 |  2.2
Summonings     | 1 2 |  2.2
Necromancy     | 1 2 |  2.2
Translocations | 1 2 |  2.2
Transmutations | 1 2 |  2.2
Fire Magic     | 1 2 |  2.2
Ice Magic      | 1 2 |  2.2
Air Magic      | 1 2 |  2.2
Earth Magic    | 1 2 |  2.2
Poison Magic   | 1 2 |  2.2
Long Blades    | 5 |  5.4
Fighting       | 7 |  7.1
Armour         | 7 |  7.1
Shields        | 7 |  7.1

Action                   |  1- 3 |  4- 6 |  7- 9 || total
-------------------------+-------+-------+-------++-------
Melee: Long sword        |    96 |   199 |    68 ||   363
       Bite              |     9 |    26 |     7 ||    42
  Use: Potion            |     5 |     1 |     1 ||     7
       Scroll            |       |     6 |     2 ||     8
  Eat: Chunk             |       |     5 |     2 ||     7
Armor: Scale mail        |    41 |    43 |       ||    84
       Chain mail        |       |    27 |    49 ||    76
Dodge: Dodged            |    38 |    57 |    28 ||   123
Block: Shield            |    69 |   106 |    78 ||   253
       Rpst.: Long sword |    12 |    20 |     5 ||    37
